 Dungeon Crawl Stone Soup version 0.27-a0-1188-g73eefd5def (webtiles) character file.

Game seed: 9290111136544309325

184 chippings the Grave Robber (level 5, -5/39 HPs)
             Began as a Mummy Necromancer on May 20, 2021.
             Was an Initiate of Gozag.
             Killed from afar by a steam dragon (36 damage)
             ... with a ball of steam
             ... on level 4 of the Dungeon.
             The game lasted 00:04:28 (3163 turns).

chippings the Grave Robber (Mummy Necromancer)      Turns: 3163, Time: 00:04:29

Health: -5/39      AC:  6    Str: 12    XL:     5   Next: 36%
Magic:  11/11      EV: 10    Int: 15    God:    Gozag
Gold:   141        SH:  0    Dex: 12    Spells: 8/12 levels left

rFire    x . .     SeeInvis .   f - +1 dagger (elec)
rCold    + . .     Faith    .   (no shield)
rNeg     + + +     Spirit   .   j - +0 ring mail
rPois    ∞         Reflect  .   d - +0 helmet
rElec    .         Harm     .   (no cloak)
rCorr    .         Rampage  .   (no gloves)
Will     .....                  (no boots)
Stlth    +.........             e - amulet of regeneration
HPRegen  1.13/turn              (no ring)
MPRegen  0.12/turn              (no ring)

@: gold aura
A: cold resistance 1, negative energy resistance 3, torment resistance 2, heat
vulnerability 1, no potions
a: Renounce Religion, Potion Petition, Call Merchant, Bribe Branch


You were on level 4 of the Dungeon.
You worshipped Gozag.
Gozag was aware of your devotion.
You visited 1 branch of the dungeon, and saw 4 of its levels.

You collected 165 gold pieces.
You paid 24 gold pieces to Gozag.

Inventory:

Hand Weapons
 f - a +1 dagger of electrocution (weapon)
Armour
 d - a +0 helmet (worn)
 j - a +0 ring mail (worn)
Jewellery
 b - an amulet of the acrobat
 e - an amulet of regeneration (around neck)
Wands
 i - a wand of digging (6)
Scrolls
 c - 3 scrolls of teleportation
 g - 3 scrolls of identify
 h - a scroll of blinking


   Skills:
 + Level 2.3 Fighting
 + Level 1.5 Short Blades
 - Level 1.5 Dodging
 - Level 1.5 Stealth
 + Level 4.2 Spellcasting
 + Level 4.9 Necromancy


You had 8 spell levels left.
You knew the following spells:

 Your Spells              Type           Power      Damage    Failure   Level
a - Pain                  Necr           72%        1d7       5%          1
b - Vampiric Draining     Necr           9%         2d7       16%         3

Your spell library contained the following spells:

 Spells                   Type           Power      Damage    Failure   Level
 Animate Skeleton         Necr           36%        N/A       5%          1
 Animate Dead             Necr           9%         N/A       45%         4
 Agony                    Necr           18%        N/A       82%         5


Dungeon Overview and Level Annotations

Branches:
Dungeon (4/15)             Temple (0/1) D:4

Altars:
Gozag
Zin


Innate Abilities, Weirdness & Mutations

You are immune to poison.
Your flesh is cold resistant. (rC+)
You are immune to negative energy. (rN+++)
You are immune to unholy pain and torment.
You are vulnerable to heat. (rF-)
You do not drink.


Message History

The killer bee stings you but does no damage.
You barely miss the killer bee. The killer bee barely misses you.
The killer bee stings you!
You closely miss the killer bee. The killer bee barely misses you.
The killer bee closely misses you.
You miss the killer bee.
The killer bee becomes distracted by the nearby gold, dreaming of imaginary riches.
You hit the killer bee but do no damage.
The killer bee is no longer distracted by gold.
The killer bee stings you. The killer bee misses you.
You hit the killer bee.
The killer bee is lightly wounded.
The killer bee barely misses you. x2
You hit the killer bee.
The killer bee is moderately wounded.
The killer bee barely misses you. x2
You miss the killer bee.
The killer bee is moderately wounded.
The killer bee stings you but does no damage.
The killer bee stings you.
You miss the killer bee.
The killer bee is lightly wounded.
The killer bee stings you but does no damage.
You miss the killer bee.
The killer bee is lightly wounded.
The killer bee stings you but does no damage.
The killer bee stings you.
You hit the killer bee.
Lightning courses through the killer bee!
You kill the killer bee!
A steam dragon comes into view.
The steam dragon hisses angrily.
You see here 12 gold pieces.
You see here 12 gold pieces.
You now have 141 gold pieces (gained 12).
The steam dragon breathes steam at you. The ball of steam hits you!!!
The steam scalds you terribly!
Ouch! That really hurt!
You die...
Your body crumbles into a pile of gold.

>.....).# ........# ...
.. .#......# #...###...
........#####..........#
##.(..#.......##.#.#.#.##
#.##.####.####...:.....#
#.............#.#.#.#.#
####.####.####.........
#.....#@#.#.#.##
#.....$.§......#
##.####.#§#.#.## #.#
#...>.... #.# ##.#.#D#.#
.[. ...$...... $ #.#
##.#........ #.#
#.#.#####.. #.# #.#.#


There were no monsters in sight!

Vanquished Creatures
  A killer bee (D:4)
  A centaur zombie (D:3)
  2 adders
  An adder skeleton (D:4)
  4 worms
  6 orcs (D:3)
  4 ball pythons
  4 bats (D:2)
  6 endoplasms
  2 giant cockroaches (D:2)
  6 hobgoblins
  5 jackals
  3 quokkas
  2 frilled lizards (D:2)
  9 goblins
  2 kobolds
  8 rats
  A butterfly (D:4)
67 creatures vanquished.

Notes
Turn   | Place    | Note
-------+----------+-------------------------------------------
     0 | D:1      | chippings the Mummy Necromancer began the quest for the
                  | Orb.
     0 | D:1      | Reached XP level 1. HP: 13/13 MP: 4/4
   558 | D:1      | Reached XP level 2. HP: 19/19 MP: 6/6
   842 | D:2      | Reached skill level 1 in Fighting
  1226 | D:2      | Reached XP level 3. HP: 20/26 MP: 7/7
  1231 | D:2      | Learned a level 3 spell: Vampiric Draining
  2197 | D:3      | Reached skill level 1 in Short Blades
  2197 | D:3      | Reached XP level 4. HP: 27/33 MP: 9/9
  2837 | D:3      | Found an opulent altar of Gozag.
  2846 | D:3      | Became a worshipper of Gozag Ym Sagoz the Greedy
  3094 | D:4      | Found a staircase to the Ecumenical Temple.
  3098 | D:4      | Reached XP level 5. HP: 38/38 MP: 11/11
  3159 | D:4      | Noticed a steam dragon
  3163 | D:4      | Killed from afar by a steam dragon

Illustrated notes

Levels and vault maps discovered:
D:1:      amcnicky_arrival_underground_garden, layout_basic,
          chequers_serial_rivers_small_3, minmay_misc_feat_rugged
D:2:      layout_basic, minmay_misc_feat_room
D:3:      layout_loops_ring, pdpol_temple_overflow_zin_treasury_gozag_greed
D:4:      layout_loops_ring, minmay_temple_entry_butterflies, st_stairs_9

Skill      XL: |  1  2  3  4 |
---------------+-------------+-----
Spellcasting   | 3 4 |  4.2
Fighting       | 1 2 |  2.3
Short Blades   | 1 |  1.5
Dodging        | |  1.5
Stealth        | |  1.5
Necromancy     | |  4.9

Action                   |  1- 3 |  4- 6 || total
-------------------------+-------+-------++-------
Melee: Dagger            |    92 |    84 ||   176
 Cast: Pain              |    30 |       ||    30
       Vampiric Draining |     1 |       ||     1
  Use: Scroll            |       |     2 ||     2
 Stab: Sleeping          |     3 |     1 ||     4
Armor: Robe              |    34 |     9 ||    43
       Ring mail         |       |    15 ||    15
Dodge: Dodged            |    72 |    33 ||   105

Table legend: (Time is in decaauts)
 A = Elapsed time spent in this place.
 B = Non-inter-level travel time spent in this place.
 C = Inter-level travel time spent in this place.
 D = Time resting spent in this place.
 E = Time spent auto-exploring this place.
 F = Levels seen in this place.
 G = Mean time per level.
                   A        B        C        D        E       F      G
               +--------+--------+--------+--------+--------+-----+--------+
         Total |   3159 |   3133 |     26 |      0 |   2342 |   4 |  789.8 |
       Dungeon |   3159 |   3133 |     26 |      0 |   2342 |   4 |  789.8 |
               +--------+--------+--------+--------+--------+-----+--------+

Top non-repeatable levels by time:
     D:2: 1459 daAuts
     D:3: 940 daAuts
     D:1: 687 daAuts
     D:4: 72 daAuts
